 Dungeon Crawl Stone Soup version 0.29-a0-490-g77b3608 (webtiles) character file.

Game seed: 16267961287500668435

28408 Toastz the Peltast (level 13, -3/109 HPs)
             Began as a Formicid Abyssal Knight on May 26, 2022.
             Was a High Priest of Lugonu.
             Slain by a blink frog (5 damage)
             ... on level 6 of the Lair of Beasts.
             The game lasted 00:47:55 (17880 turns).

Toastz the Peltast (Formicid Abyssal Knight)       Turns: 17880, Time: 00:47:56

Health: -3/109     AC: 15    Str: 35    XL:     13   Next: 73%
Magic:  17/17      EV:  8    Int: 10    God:    Lugonu [*****.]
Gold:   470        SH: 23    Dex: 15    Spells: 12/12 levels left

rFire   . . .      SeeInvis +   a - +5 great mace (venom)
rCold   + + .      Faith    .   p - +4 tower shield of Lilacs {Str+2}
rNeg    . . .      Spirit   .   c - +2 plate armour {rC+}
rPois   +          Reflect  .   (helmet unavailable)
rElec   .          Harm     .   (no cloak)
rCorr   .          Rampage  .   (no gloves)
Will    +....                   M - +0 pair of boots
Stlth   ..........              E - amulet of regeneration
HPRegen 1.08/turn               I - +6 ring of strength
MPRegen 0.15/turn               L - ring of Buxutsi {rPois rC+ Str+4 Dex+4}

@: no status effects
A: permanent stasis, dig shafts and tunnels, antennae 3, four strong arms
a: Dig, Shaft Self, Renounce Religion, Depart the Abyss, Bend Space, Banish,
Corrupt, Enter the Abyss


You were on level 6 of the Lair of Beasts.
You worshipped Lugonu.
Lugonu was extremely pleased with you.
You visited 3 branches of the dungeon, and saw 19 of its levels.
You visited the Abyss 2 times.

You collected 990 gold pieces.
You spent 520 gold pieces at shops.

Inventory:

Hand Weapons
 a - a +5 great mace of venom (weapon)
 J - a +0 dire flail
 N - the +8 whip "Ceomemnu" {freeze, Int+4}
   (You found it on level 4 of the Dungeon)

   It freezes those it strikes, dealing additional cold damage.
   It can also slow down cold-blooded creatures.
   Int:       It affects your intelligence (+4).
 W - a +0 vorpal great mace
Missiles
 d - 365 stones
 l - 2 throwing nets
 u - 4 javelins (quivered)
 v - 5 curare-tipped darts
 Q - 11 poisoned darts
Armour
 c - a +2 plate armour of cold resistance (worn)
 p - the +4 tower shield of Lilacs (worn) {Str+2}
   (You found it on level 2 of the Dungeon)

   Str:       It affects your strength (+2).
 q - a +0 scale mail
 M - a +0 pair of boots (worn)
Jewellery
 j - a ring of resist corrosion
 E - an amulet of regeneration (around neck)
 I - a +6 ring of strength (left hand)
 K - the amulet of Elemental Vulnerability {rPois rF-- rC-- AC+8}
   (You found it on level 8 of the Dungeon)

   [amulet of nothing]

   AC:        It affects your AC (+8).
   rF:        It makes you very vulnerable to fire.
   rC:        It makes you very vulnerable to cold.
   rPois:     It protects you from poison.
 L - the ring of Buxutsi (right hand) {rPois rC+ Str+4 Dex+4}
   (You found it on level 8 of the Dungeon)

   [ring of protection from cold]

   Str:       It affects your strength (+4).
   Dex:       It affects your dexterity (+4).
   rC:        It protects you from cold.
   rPois:     It protects you from poison.
Wands
 x - a wand of iceblast (29)
 z - a wand of flame (40)
 B - a wand of digging (8)
 C - a wand of acid (7)
 H - a wand of charming (19)
 V - a wand of polymorph (6)
Scrolls
 k - a scroll of torment {unknown}
 o - 3 scrolls of enchant armour {unknown}
 r - 3 scrolls of blinking {unknown}
 s - a scroll of immolation
 w - 5 scrolls of vulnerability
 y - 7 scrolls of amnesia
 A - 3 scrolls of poison
 F - a scroll of acquirement {unknown}
 G - 2 scrolls of fear {unknown}
 O - a scroll of magic mapping {unknown}
 P - a scroll of summoning {unknown}
 R - 3 scrolls of fog {unknown}
 U - 2 scrolls of identify
Potions
 b - a potion of degeneration {unknown}
 e - 3 potions of berserk rage
 f - 2 potions of flight {unknown}
 g - 4 potions of brilliance
 h - 4 potions of mutation {unknown}
 i - 4 potions of curing {unknown}
 m - 2 potions of magic {unknown}
 n - 4 potions of lignification {unknown}
 t - a potion of cancellation {unknown}
 D - a potion of attraction {unknown}
 S - 3 potions of heal wounds {unknown}
Miscellaneous
 T - a tin of tremorstones (2/2)


   Skills:
 + Level 12.5 Fighting
 * Level 14.0 Maces & Flails
 - Level 6.0 Armour
 - Level 3.0 Dodging
 - Level 15.0 Shields
 + Level 5.7 Invocations


You had 12 spell levels left.
You didn't know any spells.
Your spell library contained the following spells:

 Spells                   Type           Power      Damage    Failure   Level
 Freeze                   Ice            0%         1d3       100%        1
 Static Discharge         Conj/Air       0%         N/A       100%        2
 Conjure Flame            Conj/Fire      0%         6-21      100%        3
 Frozen Ramparts          Ice            0%         1d2       100%        3
 Gell's Gravitas          Tloc           0%         N/A       100%        3
 Ignite Poison            Fire/Tmut/Pois 0%         N/A       100%        3
 Lesser Beckoning         Tloc           0%         N/A       100%        3
 Teleport Other           Tloc           0%         N/A       100%        3
 Hailstorm                Conj/Ice       0%         3d3       100%        4
 Petrify                  Tmut/Erth      0%         N/A       100%        4
 Sticky Flame             Conj/Fire      0%         2d3       100%        4
 Fireball                 Conj/Fire      0%         3d3       100%        5
 Lightning Bolt           Conj/Air       0%         1d11      100%        5
 Manifold Assault         Tloc           0%         N/A       100%        5
 Metabolic Englaciation   Hex/Ice        0%         N/A       100%        5
 Summon Forest            Summ/Tloc      0%         N/A       100%        5
 Eringya's Noxious Bog    Tmut/Pois      0%         N/A       100%        6
 Starburst                Conj/Fire      0%         6d3       100%        6
 Statue Form              Tmut/Erth      0%         N/A       100%        6
 Summon Hydra             Summ           0%         N/A       100%        7
 Ignition                 Fire           0%         3d3       100%        8
 Maxwell's Capacitive Co  Air            0%         ∞         100%        8
 Blink                    Tloc           Unusable   N/A       N/A         2

Dungeon Overview and Level Annotations

Branches:
Dungeon (12/15)            Temple (0/1) D:7            Lair (5/6) D:9
 Shoals (0/4) Lair:3        Snake (0/4) Lair:2          Orc (1/2) D:9
  Slime: Lair:5-6

Altars:
Dithmenos

Shops:
D:6 :   D:9 ([

Annotations:
D:5 1 runed translucent door, SuisLittleHoshiymin's ghost, novice HuBr
D:10 1 transporter, Dega's ghost, journeyman SpHu; Josephine; Lodul
Lair:3 1 transporter
Lair:5 Faphuc's ghost, journeyman HOFi


Innate Abilities, Weirdness & Mutations

You cannot be hasted, slowed, berserked, paralysed or teleported.
You can dig through walls and to a lower floor.
You have a pair of large antennae on your head. (SInv)
Your four strong arms can wield two-handed weapons with a shield.


Message History

Faphuc's ghost is engulfed in blazing flames.
You block Faphuc's ghost's attack.
You thump Faphuc's ghost!
Faphuc's ghost is lightly damaged.
You are engulfed in blazing flames.
Faphuc's ghost hits you! You block Faphuc's ghost's attack.
You barely miss Faphuc's ghost.
Faphuc's ghost is lightly damaged.
You are engulfed in blazing flames.
* * * LOW HITPOINT WARNING * * *
You block Faphuc's ghost's attack.
Are you sure you want to shaft yourself?
Faphuc's ghost hits you!
* * * LOW HITPOINT WARNING * * *
You begin to dig a shaft.
You continue digging a shaft.
Faphuc's ghost barely misses you. A shaft appears beneath you!
You fall into a shaft and drop 1 floor!
The shaft crumbles and collapses.
Beware, you cannot shaft yourself on this level.
The blink frog gives a loud, deep croak! x3
The basilisk hisses angrily.
The blink frog croaks.
The tarantella hisses angrily.
The water moccasin hisses angrily.
You hear a shout! x2; You hear a roar!
Found a quarterstaff, a scroll of identify and a scroll of teleportation.
It was a potion of berserk rage.
Your stasis prevents you from going berserk.
The blink frog blinks!
A small abomination comes into view.
A chaos spawn comes into view.
A spriggan comes into view.
It is wielding a +0 rapier of distortion.
You closely miss the basilisk.
The chaos spawn bellows!
The blink frog hits you.
* * * LOW HITPOINT WARNING * * *
You block the blink frog's attack. You block the basilisk's attack.
The small abomination hits you.
* * * LOW HITPOINT WARNING * * *
The blink frog hits you but does no damage.
The blink frog hits you.
You die... ♣ ??♣♣ .....♣♣ ♣i..xx.♣♣♣ ♣..F.@x♣ ♣xxFFFls♣

♣...♣♣......♣
.4. ♣♣♣♣....♣
♣ ♣♣S.x. {
♣... ♣♣♣


You could see a basilisk, 4 blink frogs, a chaos spawn, a tarantella, a water
moccasin, 6 small abominations and a spriggan.

Vanquished Creatures
  Rupert (Lair:4)
  Harold (D:9)
  Erica (Lair:1)
  2 hydras
  Sonja (D:10)
  A fire crab (Lair:5)
  3 skeletal warriors (D:12)
  A wolf spider (Lair:1)
  2 merfolk sirens (Lair:3)
  A black mamba (Lair:3)
  A gargoyle (D:11)
  Psyche (D:9)
  7 cane toads
  7 komodo dragons
  An unseen horror (D:11)
  2 polar bears
  2 trolls (D:9)
  2 hornets
  5 blink frogs
  Sigmund (D:2)
  5 wraiths
  2 shadows
  2 wyverns
  41 yaks
  2 basilisks
  3 steam dragons (D:8)
  2 vampire mosquitoes (D:11)
  An acid dragon (D:11)
  4 water moccasins
  A sky beast (D:6)
  5 orc warriors
  2 ice beasts
  A black bear (D:8)
  12 wolves
  An ogre (D:7)
  A centaur (D:8)
  A phantom (D:5)
  3 kobold brigands
  A necrophage (D:6)
  10 bullfrogs
  2 scorpions
  6 wights
  11 killer bees
  4 howler monkeys
  6 electric eels
  10 hounds
  3 jellies
  A gnoll shaman (D:6)
  An orc priest (D:7)
  Ijyb (D:4)
  An iguana (D:3)
  10 orc wizards
  4 gnolls
  3 adders
  A shadow imp (D:5)
  2 white imps
  An ufetubus (D:4)
  4 worms
  4 dart slugs
  27 orcs
  9 endoplasms
  A giant cockroach (D:2)
  5 hobgoblins
  8 jackals
  25 kobolds
  6 quokkas
  4 ball pythons
  6 bats
  3 frilled lizards
  3 goblins
  4 rats
  4 briar patches (Lair:3)
323 creatures vanquished.

Vanquished Creatures (others)
  5 fungi
  6 plants
11 creatures vanquished.

Grand Total: 334 creatures vanquished

Notes
Turn   | Place    | Note
-------+----------+-------------------------------------------
     0 | Abyss:1  | Toastz the Formicid Abyssal Knight began the quest for the
                  | Orb.
     0 | Abyss:1  | Reached XP level 1. HP: 18/18 MP: 2/2
    37 | D:1      | Escaped the Abyss
   436 | D:1      | Reached XP level 2. HP: 19/24 MP: 3/3
   904 | D:1      | Reached XP level 3. HP: 26/29 MP: 4/4
  1758 | D:2      | Found a faded altar of an unknown god.
  2267 | D:2      | Noticed Sigmund
  2453 | D:2      | Identified the +4 tower shield of Lilacs {Str+2}
  2610 | D:2      | Reached XP level 4. HP: 35/37 MP: 5/5
  2614 | D:2      | Reached *** piety under Lugonu
  2750 | D:2      | Killed Sigmund
  2751 | D:2      | Reached skill level 5 in Maces & Flails
  2751 | D:2      | Reached XP level 5. HP: 18/43 MP: 6/6
  2751 | D:2      | Reached XP level 6. HP: 21/50 MP: 7/7
  4293 | D:3      | Reached skill level 5 in Fighting
  4776 | D:4      | Reached skill level 1 in Shields
  4929 | D:4      | Reached XP level 7. HP: 51/56 MP: 8/8
  4988 | D:4      | Noticed Ijyb
  5023 | D:4      | Killed Ijyb
  5024 | D:4      | Reached skill level 2 in Shields
  5293 | D:4      | Identified the +8 whip "Ceomemnu" {freeze, Int+4}
  5353 | D:5      | Entered Level 5 of the Dungeon
  5403 | D:5      | Reached skill level 3 in Shields
  5483 | D:5      | Reached skill level 4 in Shields
  5485 | D:5      | Reached XP level 8. HP: 52/64 MP: 9/9
  5948 | D:5      | Found a runed translucent door.
  5948 | D:5      | Noticed SuisLittleHoshiymin's ghost (novice HuBr)
  6099 | D:6      | Reached skill level 5 in Shields
  6460 | D:6      | Found Qoanivei's Book Boutique.
  6689 | D:5      | Reached **** piety under Lugonu
  7301 | D:6      | Reached skill level 6 in Shields
  7603 | D:7      | Noticed a yak
  7603 | D:7      | Noticed a yak
  7604 | D:7      | Noticed a yak
  7615 | D:6      | Killed a yak
  7616 | D:6      | Reached XP level 9. HP: 71/71 MP: 10/10
  7631 | D:6      | Reached skill level 7 in Shields
  8077 | D:7      | Reached skill level 8 in Shields
  8108 | D:7      | Found a staircase to the Ecumenical Temple.
  9069 | D:6      | Reached skill level 9 in Shields
  9069 | D:6      | Reached XP level 10. HP: 39/79 MP: 13/13
  9577 | D:8      | Found the amulet of Elemental Vulnerability {rPois rF--
                  | rC-- AC+8}
  9641 | D:8      | Identified the ring of Buxutsi {rPois rC+ Str+4 Dex+4}
  9670 | D:8      | Reached skill level 10 in Shields
  9670 | D:8      | Reached skill level 5 in Invocations
 10342 | D:9      | Found Quxiti's Weapon Shoppe.
 10342 | D:9      | Found a staircase to the Orcish Mines.
 10342 | D:9      | Found Yfifo's Armour Shoppe.
 10890 | D:9      | Found a staircase to the Lair.
 10928 | D:8      | Reached ***** piety under Lugonu
 10949 | D:8      | Reached skill level 11 in Shields
 11333 | D:9      | Reached skill level 10 in Maces & Flails
 11333 | D:9      | Reached XP level 11. HP: 73/87 MP: 14/14
 11461 | D:9      | Found a shadowy altar of Dithmenos.
 11598 | Orc:1    | Entered Level 1 of the Orcish Mines
 11614 | D:10     | Entered Level 10 of the Dungeon
 11672 | D:10     | Noticed Sonja
 11672 | D:10     | Noticed Josephine
 11719 | Lair:1   | Entered Level 1 of the Lair of Beasts
 11795 | Lair:1   | Noticed Harold
 11925 | D:9      | Killed Harold
 11926 | D:9      | Reached skill level 12 in Shields
 12061 | D:10     | Noticed Psyche
 12098 | D:9      | Killed Psyche
 12200 | D:10     | Reached skill level 13 in Shields
 12238 | D:10     | Found a transporter.
 12245 | D:10     | Noticed Dega's ghost (journeyman SpHu)
 12283 | D:10     | You fall into a shaft and drop 2 floors!
 12399 | D:11     | Noticed a skeletal warrior
 12401 | D:11     | Noticed a skeletal warrior
 12468 | D:12     | Killed a skeletal warrior
 12511 | D:11     | Noticed a skeletal warrior
 12544 | D:12     | Killed a skeletal warrior
 12586 | D:12     | Killed a skeletal warrior
 12712 | D:11     | Reached skill level 14 in Shields
 12714 | D:11     | Reached XP level 12. HP: 96/97 MP: 15/15
 12763 | D:11     | Reached skill level 10 in Fighting
 12838 | D:10     | Noticed Lodul
 12860 | D:11     | Noticed a four-headed hydra
 12876 | D:11     | Killed a four-headed hydra
 12974 | D:10     | Killed Sonja
 13117 | Lair:1   | Noticed Erica
 13129 | Lair:1   | Killed Erica
 13216 | Lair:1   | Reached skill level 15 in Shields
 14145 | Lair:1   | Reached skill level 5 in Armour
 14285 | D:9      | Bought a +2 plate armour of cold resistance for 520 gold
                  | pieces
 14591 | Lair:2   | Found a staircase to the Snake Pit.
 14888 | Lair:2   | Reached XP level 13. HP: 106/106 MP: 16/16
 15253 | Lair:3   | Noticed a four-headed hydra
 15260 | Lair:2   | Reached skill level 1 in Dodging
 15268 | Lair:2   | Killed a four-headed hydra
 15326 | Lair:3   | Found a transporter.
 15418 | Lair:3   | Found a transporter.
 15521 | Lair:2   | Reached ****** piety under Lugonu
 15676 | Lair:3   | Cast into level 1 of the Abyss (merfolk siren)
 15725 | Lair:3   | Escaped the Abyss
 15755 | Lair:3   | Found a staircase to the Shoals.
 16703 | Lair:4   | Noticed Rupert
 16720 | Lair:4   | Killed Rupert
 16975 | Lair:3   | You fall into a shaft and drop 2 floors!
 17504 | Lair:5   | Found a runed translucent door.
 17505 | Lair:5   | Noticed Faphuc's ghost (journeyman HOFi)
 17878 | Lair:5   | You fall into a shaft and drop 1 floor!
 17878 | Lair:6   | Entered Level 6 of the Lair of Beasts
 17880 | Lair:6   | HP: 5/109 [blink frog (6)]
 17880 | Lair:6   | HP: 2/109 [small abomination (3)]
 17880 | Lair:6   | Slain by a blink frog

Illustrated notes

Levels and vault maps discovered:
D:1:      arrival_zaba_pyramid, layout_rooms, skrybe_limestone_x,
          kennysheep_pointless_box
D:2:      layout_loops_ring, shapermc_ecumenical_altar_mp_urbaneastern,
          minmay_tiny_reverse_x, uniq_sigmund
D:3:      layout_loops_corners, minmay_misc_feat_rugged,
          wander_ebering_terrifying_dragon_lair
D:4:      layout_rooms, minmay_misc_feat_square, uniq_ijyb
D:5:      layout_rooms, ebering_ghost_sewer_d, minmay_bent
D:6:      layout_basic, serial_shops, kennysheep_mini_moat,
          kennysheep_generic_room_4
D:7:      layout_basic, minmay_temple_entry_hall
D:8:      layout_layer_cave, minivault_1
D:9:      layout_loops_ring, nicolae_dithmenos_through_a_glass_darkly,
          erik_lair_island, orc_david_3
D:10:     minmay_gate_of_8, layout_irregular_city, gammafunk_ghost_stat_death,
          uniq_lodul, uniq_psyche, uniq_josephine, uniq_sonja
D:11:     layout_irregular_city, cheibriados_altar_1
D:12:     layout_basic
Lair:1:   layout_cave_pods, portal_ice_cave_entry_pillars_2, minmay_holes,
          uniq_erica, uniq_harold
Lair:2:   layout_long_grid, dummy_snake_entry, nicolae_lair_run_with_the_wolves,
          lemuel_fruit_fields
Lair:3:   gammafunk_worm_tunnel, layout_hall_layers, elwin_shoals_entry_rooms
Lair:4:   layout_roguey, uniq_rupert
Lair:5:   layout_hall_layers, ebering_ghost_inner_flame
Lair:6:   hellmonk_lair_end_abyssal_woods, layout_gridlike,
          minmay_slime_entry_oklob_open, dreamdust_gnoll_shepherd
Orc:1:    layout_caves, basic_altar

Skill      XL: |  1  2  3  4  5  6  7  8  9 10 11 12 13 |
---------------+----------------------------------------+-----
Maces & Flails | 3 5 6 7 8 10 11 12 14 | 14.0
Fighting       | 4 5 6 7 8 9 11 12 | 12.5
Shields        | 1 4 6 9 11 14 15 | 15.0
Invocations    | 4 5 |  5.7
Armour         | 4 6 |  6.0
Dodging        | 3 |  3.0

Action                   |  1- 3 |  4- 6 |  7- 9 | 10-12 | 13-15 || total
-------------------------+-------+-------+-------+-------+-------++-------
Melee: Mace              |   106 |   102 |    35 |       |       ||   243
       Punch             |       |     1 |       |       |       ||     1
       Whip              |       |       |   228 |   510 |       ||   738
       Unarmed           |       |       |       |    10 |       ||    10
       Great mace        |       |       |       |   126 |   173 ||   299
Throw: Stone             |    23 |    17 |    11 |     8 |       ||    59
       Javelin           |       |     2 |    19 |     9 |       ||    30
       Dart              |       |       |       |       |    10 ||    10
Invok: Bend Space        |       |       |     1 |       |       ||     1
       Depart the Abyss  |       |       |       |       |     1 ||     1
 Abil: Dig               |     4 |       |       |       |       ||     4
       Shaft Self        |       |       |       |     1 |     2 ||     3
Evoke: Wand              |       |       |       |     8 |     4 ||    12
  Use: Scroll            |       |       |     3 |    12 |     1 ||    16
       Potion            |       |       |       |       |     1 ||     1
Armor: Leather armour    |    33 |     4 |       |       |       ||    37
       Scale mail        |       |    16 |    28 |       |       ||    44
       Plate armour      |       |       |    36 |   161 |    57 ||   254
       Skin              |       |       |       |     1 |       ||     1
Dodge: Dodged            |    64 |    43 |    50 |   107 |    36 ||   300
Block: Tower shield      |       |    39 |   249 |   640 |   251 ||  1179

Table legend: (Time is in decaauts)
 A = Elapsed time spent in this place.
 B = Non-inter-level travel time spent in this place.
 C = Inter-level travel time spent in this place.
 D = Time resting spent in this place.
 E = Time spent auto-exploring this place.
 F = Levels seen in this place.
 G = Mean time per level.
                   A        B        C        D        E       F      G
               +--------+--------+--------+--------+--------+-----+--------+
         Total |  18021 |  16603 |   1418 |   3080 |   9448 |  21 |  858.1 |
       Dungeon |  13031 |  11835 |   1196 |   2522 |   6331 |  12 | 1085.9 |
          Lair |   4902 |   4680 |    222 |    558 |   3089 |   6 |  817.0 |
  Orcish Mines |      1 |      1 |      0 |      0 |      0 |   1 |    1.0 |
         Abyss |     85 |     85 |      0 |      0 |     28 |   2 |   42.5 |
               +--------+--------+--------+--------+--------+-----+--------+

Top non-repeatable levels by time:
     D:2: 1720 daAuts
     D:3: 1617 daAuts
     D:1: 1517 daAuts
     D:8: 1446 daAuts
     D:9: 1379 daAuts
     D:7: 1313 daAuts
  Lair:1: 1294 daAuts
     D:5: 1290 daAuts
     D:6: 1185 daAuts
  Lair:2: 1122 daAuts
  Lair:3: 952 daAuts
  Lair:5: 856 daAuts
  Lair:4: 674 daAuts
     D:4: 674 daAuts
    D:11: 333 daAuts
